 Dungeon Sprint DCSS version 0.19-a0-1568-gdd01aac (webtiles) character file.

1690 poirepourri the Unseen (level 8, -13/36 HPs)
             Began as a Spriggan Enchanter on Sept 15, 2016.
             Was an Initiate of Dithmenos.
             Killed by an exploding ballistomycete spore (28 damage)
             ... in the Dungeon (Sprint I: "Red Sonja").
             The game lasted 00:03:45 (737 turns).

poirepourri the Unseen (Spriggan Enchanter)          Turns: 737, Time: 00:03:46

Health: -13/36     AC:  4    Str:  6    XL:     8   Next: 72%
Magic:  20/20      EV: 26    Int: 17    God:    Dithmenos [......]
Gold:   166        SH:  0    Dex: 18    Spells: 5 memorised, 10 levels left

rFire  . . .     SeeInvis +     l - +2 dagger (drain)
rCold  x . .     Gourm    .     b - +1 robe
rNeg   . . .     Faith    .     (shield restricted)
rPois  .         Spirit   .     (helmet restricted)
rElec  .         Dismiss  .     p - +0 cloak of Disguise {rC- MR+++ Str+2 Slay+2}
rCorr  .         Reflect  .     (gloves unavailable)
MR     ++++.     Harm     .     (boots unavailable)
Stlth  ++........ NoTele   +    (no amulet)
                                (no ring)
                                m - ring of loudness (curse)

@: confused, very quick
A: unfitting armour, see invisible, herbivore 3, speed 3, slow metabolism 2
a: Renounce Religion


You were in the Dungeon.
You worshipped Dithmenos.
Dithmenos was noncommittal.
You were not hungry.

You visited 1 branch You collected 633 gold pieces.
You spent 467 gold pieces at shops.

Inventory:

Hand Weapons
 a - a +1 dagger
 l - a +2 dagger of draining (weapon)
 n - a +0 blowgun
Missiles
 o - 7 curare-tipped needles
Armour
 b - a +1 robe (worn)
 p - the +0 cloak of Disguise (worn) {rC- MR+++ Str+2 Slay+2}
   (You bought it in a shop in the Dungeon)

   It affects your strength (+2).
   It affects your accuracy and damage with ranged weapons and melee attacks
   (+2).
   It makes you vulnerable to cold.
   It affects your resistance to hostile enchantments.
Jewellery
 m - a cursed ring of loudness (left hand)
Scrolls
 j - a scroll of blinking
Potions
 e - a potion of curing
 f - a potion of heal wounds
 g - a potion of haste
 h - 2 potions of magic
 i - a potion of berserk rage
 k - a potion of flight {unknown}
Books
 c - a book of Maledictions

   Spells                             Type                      Level
   a - Corona                         Hexes                        1
   b - Ensorcelled Hibernation        Hexes/Ice                    2
   c - Confuse                        Hexes                        3
   d - Tukima's Dance                 Hexes                        3
   e - Dazzling Spray                 Conjuration/Hexes            3
Comestibles
 d - 2 bread rations


   Skills:
 - Level 0.2 Fighting
 + Level 7.8 Short Blades
 + Level 9.4 Dodging
 + Level 17.8 Stealth
 + Level 7.9 Spellcasting
 + Level 0.1 Conjurations
 + Level 12.7 Hexes


You had 10 spell levels left.
You knew the following spells:

 Your Spells              Type           Power        Failure   Level  Hunger
a - Corona                Hex            ######.      1%          1    None
b - Ensorcelled Hibernat  Hex/Ice        ####..       1%          2    None
c - Confuse               Hex            ######..     1%          3    #......
d - Tukima's Dance        Hex            ######..     1%          3    #......
e - Dazzling Spray        Conj/Hex       ####..       2%          3    #......


Dungeon Overview and Level Annotations

Branches:
Dungeon (1/1)

Altars:
Cheibriados
Dithmenos
Elyvilon
Fedhas
Gozag
Hepliaklqana
Kikubaaqudgha
Makhleb
Nemelex Xobeh
Okawaru
Qazlal
Ru
Sif Muna
Trog
Uskayaw
Vehumet
Xom
Yredelemnul
Zin
The Shining One
Jiyva
Lugonu

Shops:
D %*[


Innate Abilities, Weirdness & Mutations

You are tiny and cannot use many weapons and most armour.
You have supernaturally acute eyesight. (SInv)
You are a herbivore.
You cover ground extremely quickly.
You need consume almost no food.


Message History

You start putting on your armour.
You continue putting on the +0 cloak of Disguise {rC- MR+++ Str+2 Slay+2}. x4
You finish putting on the +0 cloak of Disguise {rC- MR+++ Str+2 Slay+2}.
There is an open door here.
There is an open door here.
There is an open door here.
There is an open door here.
You open the door. 2 ballistomycete spores come into view.
The ballistomycete spore waves its rhizomes.
The ballistomycete spore explodes!
The explosion of spores engulfs you!
You are confused.
Ouch! That really hurt!
The explosion of spores engulfs the ballistomycete spore.
The ballistomycete spore explodes!
The explosion of spores engulfs you!
You are more confused.
Ouch! That really hurt!
You die...

#..#__####..##[#
#..#_____##'#..+
#⌠⌠#_.∩...'.÷._#
####_..__##_.#'#
#_____###'#.# ###
############.####+###(##
#∩........'...'.....'.∩#
###++++####..)##########
##@## #'# !$!


$!$($ ####### There were no monsters in sight!

Vanquished Creatures
  Sonja (D)
  A deep troll (D)
  A slime creature (D)
  Sigmund (D)
  A yak (D)
  An ogre (D)
  A jelly (D)
  Ijyb (D)
8 creatures vanquished.

Notes
Turn   | Place    | Note
-------+----------+-------------------------------------------
     0 | D        | poirepourri the Spriggan Enchanter began the quest for the Orb.
     0 | D        | Reached XP level 1. HP: 9/9 MP: 5/5
     2 | D        | Noticed Ijyb
    23 | D        | Killed Ijyb
    23 | D        | Reached skill level 8 in Stealth
    23 | D        | Reached XP level 2. HP: 8/13 MP: 6/6
   135 | D        | Learned a level 2 spell: Ensorcelled Hibernation
   152 | D        | Noticed an ogre
   154 | D        | Killed an ogre
   154 | D        | Reached skill level 5 in Dodging
   154 | D        | Reached skill level 10 in Stealth
   154 | D        | Reached XP level 3. HP: 16/16 MP: 7/9
   154 | D        | Reached XP level 4. HP: 21/21 MP: 7/10
   185 | D        | Noticed Sigmund
   188 | D        | Killed Sigmund
   188 | D        | Reached skill level 12 in Stealth
   188 | D        | Reached skill level 5 in Spellcasting
   188 | D        | Reached XP level 5. HP: 24/24 MP: 10/13
   188 | D        | Reached XP level 6. HP: 28/28 MP: 10/14
   194 | D        | Learned a level 3 spell: Confuse
   198 | D        | Learned a level 3 spell: Tukima's Dance
   202 | D        | Learned a level 3 spell: Dazzling Spray
   214 | D        | Found a burning altar of Makhleb.
   214 | D        | Found a viscous altar of Jiyva.
   214 | D        | Found a shimmering altar of Xom.
   214 | D        | Found a corrupted altar of Lugonu.
   214 | D        | Noticed a slime creature
   217 | D        | Killed a slime creature
   217 | D        | Reached skill level 5 in Short Blades
   217 | D        | Reached skill level 13 in Stealth
   220 | D        | Found a deep blue altar of Sif Muna.
   222 | D        | Found a radiant altar of Vehumet.
   226 | D        | Reached skill level 14 in Stealth
   226 | D        | Reached skill level 10 in Hexes
   244 | D        | Found Zeareiku's Assorted Antiques.
   244 | D        | Found an ancient bone altar of Kikubaaqudgha.
   244 | D        | Found a hazy altar of Hepliaklqana.
   244 | D        | Found a stormy altar of Qazlal.
   244 | D        | Found a hide-covered altar of Uskayaw.
   244 | D        | Found a blossoming altar of Fedhas.
   244 | D        | Found a bloodstained altar of Trog.
   244 | D        | Found an iron altar of Okawaru.
   244 | D        | Found a basalt altar of Yredelemnul.
   244 | D        | Found a glowing golden altar of the Shining One.
   244 | D        | Found a snail-covered altar of Cheibriados.
   244 | D        | Found a sacrificial altar of Ru.
   244 | D        | Found a glowing silver altar of Zin.
   244 | D        | Found a shadowy altar of Dithmenos.
   244 | D        | Found a white marble altar of Elyvilon.
   244 | D        | Noticed a yak
   245 | D        | Found an opulent altar of Gozag.
   246 | D        | Killed a yak
   246 | D        | Reached XP level 7. HP: 32/32 MP: 15/17
   247 | D        | Found a sparkling altar of Nemelex Xobeh.
   255 | D        | Became a worshipper of Dithmenos the Shadowed
   260 | D        | Bought a glowing silver ring for 100 gold pieces
   342 | D        | Noticed Sonja
   352 | D        | Killed Sonja
   352 | D        | Reached skill level 16 in Stealth
   352 | D        | Reached XP level 8. HP: 29/36 MP: 14/19
   410 | D        | Found Gaceq's Food Boutique.
   430 | D        | Noticed a deep troll
   454 | D        | Killed a deep troll
   454 | D        | Reached skill level 17 in Stealth
   709 | D        | Found Xydghuto's Armour Emporium.
   714 | D        | Bought the +0 cloak of Disguise {rC- MR+++ Str+2 Slay+2} for 367 gold pieces
   737 | D        | Killed by an exploding ballistomycete spore

Vault maps used:
D:        dungeon_sprint_1

Skill      XL: |  1  2  3  4  5  6  7  8 |
---------------+-------------------------+-----
Short Blades   | 3 4 6 7 |  7.8
Dodging        | 4 5 6 8 9 |  9.4
Stealth        | 8 10 12 14 16 17 | 17.8
Spellcasting   | 3 5 6 7 |  7.9
Hexes          | 6 8 10 11 12 | 12.7
Fighting       | |  0.2
Conjurations   | |  0.1

Action                   |  1- 3 |  4- 6 |  7- 9 || total
-------------------------+-------+-------+-------++-------
Melee: Dagger            |    18 |     4 |    13 ||    35
 Cast: Confuse           |       |       |     2 ||     2
       Dazzling Spray    |       |       |     1 ||     1
 Stab: Sleeping          |     2 |     4 |       ||     6
       Confused          |       |       |     2 ||     2
Armor: Robe              |     1 |       |     3 ||     4
Dodge: Dodged            |    11 |       |     7 ||    18
